 Dungeon Crawl Stone Soup version 0.23.2-40-g277498a001 (webtiles) character file.

Game seed: 10458707665137905524

37871 DenSaoPin the Tortoise (level 13, -6/113 HPs)
             Began as a Minotaur Fighter on Oct 14, 2019.
             Was a High Priest of Okawaru.
             Killed by divine providence
             ... invoked by a meliai
              (14 damage)
             ... on level 15 of the Dungeon on Oct 15, 2019.
             The game lasted 01:25:46 (25416 turns).

DenSaoPin the Tortoise (Minotaur Fighter)          Turns: 25416, Time: 01:25:47

Health: -6/113     AC: 22    Str: 24    XL:     13   Next: 60%
Magic:  0/15       EV:  7    Int:  4    God:    Okawaru [*****.]
Gold:   902        SH: 12    Dex: 13    Spells: 12/12 levels left

rFire    + . .     SeeInvis .   a - +0 war axe (flame)
rCold    . . .     Gourm    .   s - +0 shield
rNeg     . . .     Faith    .   J - +1 plate armour {MR+}
rPois    .         Spirit   +   T - +0 hat of Nyqamium {rElec rF+ Int-3}
rElec    +         Reflect  .   y - scarf {Spirit}
rCorr    .         Harm     .   (no gloves)
MR       +....                  M - +1 pair of boots
Stlth    ..........             A - amulet of guardian spirit
HPRegen  0.28/turn              v - +3 ring of strength
MPRegen  0.14/turn              m - +2 ring of protection

@: lethally poisoned (-6 -> -7)
A: retaliatory headbutt, horns 2
a: Heroism, Finesse, Renounce Religion


You were on level 15 of the Dungeon.
You worshipped Okawaru.
Okawaru was extremely pleased with you.
You were not hungry.

You visited 2 branches of the dungeon, and saw 16 of its levels.
You also visited: Sewer.

You collected 1100 gold pieces.
You spent 198 gold pieces at shops.

Inventory:

Hand Weapons
 a - a +0 war axe of flaming (weapon)
 b - a +2 longbow of flaming
 G - the cursed +0 arbalest of Forgiveness {elec, rN+ Str+3 Dex+2}
   (You took it off an orc on level 12 of the Dungeon)

   It charges the ammunition it shoots with electricity; occasionally upon a
   hit, such missiles may discharge and cause terrible harm.
   It affects your strength (+3).
   It affects your dexterity (+2).
   It protects you from negative energy.
   It has a curse placed upon it.
 I - a +2 battleaxe of chopping
Missiles
 D - 5 javelins (quivered)
 O - 558 arrows
Armour
 s - a +0 shield (worn)
 y - a scarf of spirit shield (worn)
 J - a +1 plate armour of magic resistance (worn)
 M - a +1 pair of boots (worn)
 T - the +0 hat of Nyqamium (worn) {rElec rF+ Int-3}
   (Okawaru gifted it to you on level 13 of the Dungeon)

   It affects your intelligence (-3).
   It protects you from fire.
   It insulates you from electricity.
 W - a +2 cloak of poison resistance
Jewellery
 l - an uncursed ring of teleportation
 m - a +2 ring of protection (right hand)
 o - a +6 ring of intelligence
 u - an uncursed amulet of rage
 v - a +3 ring of strength (left hand)
 A - an amulet of guardian spirit (around neck)
 L - an uncursed ring of resist corrosion
 Z - an uncursed ring of flight
Wands
 n - a wand of polymorph (6)
 t - a wand of paralysis (19)
 Q - a wand of disintegration (12)
 R - a wand of iceblast (19)
Scrolls
 c - 6 scrolls of remove curse
 e - 10 scrolls of identify
 j - 6 scrolls of teleportation
 k - 3 scrolls of magic mapping
 r - 5 scrolls of enchant armour
 z - 2 scrolls of fear
 F - 6 scrolls of fog
 H - 3 scrolls of amnesia
 K - a scroll of enchant weapon
 S - a scroll of summoning
Potions
 d - 3 potions of might
 g - a potion of ambrosia
 h - 5 potions of curing
 i - 5 potions of lignification
 p - a potion of agility
 q - 5 potions of heal wounds
 w - 2 potions of magic
 C - a potion of invisibility
 E - 2 potions of mutation
 N - a potion of flight
 X - a potion of brilliance {unknown}
 Y - a potion of resistance
Miscellaneous
 V - a crystal ball of energy
Comestibles
 f - 20 rations
 x - 3 chunks of flesh


   Skills:
 - Level 10.0 Fighting
 + Level 15.4 Axes
 - Level 8.3 Bows
 + Level 15.5 Armour
 + Level 10.8 Shields
 - Level 4.2 Invocations


You had 12 spell levels left.
You didn't know any spells.
Your spell library contained the following spells:

 Spells                   Type           Power        Failure   Level  Hunger
 Animate Skeleton         Necr           N/A          100%        1    ##.....
 Apportation              Tloc           #.....       100%        1    ##.....
 Confusing Touch          Hex            #.....       100%        1    ##.....
 Infusion                 Chrm           #...         100%        1    ##.....
 Summon Small Mammal      Summ           #...         100%        1    ##.....
 Shroud of Golubria       Chrm/Tloc      #.........   100%        2    ###....
 Song of Slaying          Chrm           #.......     100%        2    ###....
 Regeneration             Chrm/Necr      #.........   100%        3    ####...
 Spectral Weapon          Hex/Chrm       #.......     100%        3    ####...


Dungeon Overview and Level Annotations

Branches:
Dungeon (15/15)            Temple (1/1) D:7            Lair (0/6) D:11
    Orc (0/2) D:12         Vaults (0/5) D:14
 Depths: D:15

Altars:
Ashenzari
Cheibriados
Dithmenos
Elyvilon
Fedhas
Gozag
Hepliaklqana
Kikubaaqudgha
Makhleb
Nemelex Xobeh
Okawaru
Qazlal
Ru
Sif Muna
Trog
Uskayaw
Vehumet
Wu Jian
Xom
Yredelemnul
Zin
The Shining One

Shops:
D:6 (   D:11 !   D:12 (   D:15 (

Annotations:
D:9 1 runed translucent door, Amplified's ghost, novice DrFE
D:14 exclusion: Roxanne, Roxanne


Innate Abilities, Weirdness & Mutations

You reflexively headbutt those who attack you in melee.
You have a pair of horns on your head.


Message History

The five-headed hydra bites you but does no damage.
The five-headed hydra misses you.
The five-headed hydra closely misses you.
You continue putting on your +0 shield.
You feel sick.
The meliai invokes the aid of its god against you.
Something smites you!
* * * LOW HITPOINT WARNING * * *
The five-headed hydra bites you but does no damage. x3
The five-headed hydra bites you.
* * * LOW HITPOINT WARNING * * *
The five-headed hydra bites you.
* * * LOW HITPOINT WARNING * * *
You finish putting on your +0 shield.
Okay, then.
You feel sick.
You feel sick.
The meliai mumbles some strange prayers to its god against you.
Something smites you!
You die...

... ... #.# .#..
#.# # ..# #y# #.
#.# #.#
#.##.##### #D#
#..#.....# #.# ..
#.......# #@#
#...####.....#
#.# #.....<....#
#.#
#####.).)..###.##
#..))÷...#...#
#..#...)..#'#.#
#.##......'∩+.#
## ######.#+###
#...#


You could see a five-headed hydra and a meliai.

Vanquished Creatures
  Nessos (D:12)
  Snorg (D:12)
  Erolcha (D:12)
  A rakshasa (D:14)
  2 hydras
  5 centaur warriors
  4 two-headed ogres
  An ogre mage (D:14)
  A deep elf knight (D:14)
  4 skeletal warriors
  2 unseen horrors (D:13)
  An orc knight (D:14)
  6 ugly things
  2 oklob plants (D:11)
  7 deep elf magi
  3 cyclopes
  4 slime creatures
  2 manticores (D:14)
  Maurice (D:8)
  Joseph (D:7)
  A gargoyle (D:12)
  2 meliai (D:15)
  3 hippogriffs
  3 yaks (D:12)
  A wraith (D:10)
  A wyvern (D:14)
  2 hungry ghosts
  3 vampire mosquitoes (D:12)
  3 steam dragons
  Duvessa (D:4)
  12 ice beasts
  3 sky beasts
  6 orc warriors
  A necrophage (D:10)
  3 phantoms
  An eye of draining (D:11)
  12 ogres
  13 centaurs
  A crocodile (D:11)
  6 big kobolds
  9 bullfrogs
  A water moccasin zombie (D:12)
  A wyvern skeleton (D:11)
  20 killer bees
  Dowan (D:4)
  7 wights
  A howler monkey (D:5)
  4 crimson imps
  3 quasits
  A bullfrog zombie (D:9)
  2 centaur zombies
  A gnoll shaman (D:6)
  3 hounds
  2 orc priests
  2 bullfrog skeletons
  4 centaur skeletons
  8 iguanas
  13 orc wizards
  11 worker ants
  2 hound zombies (D:6)
  3 hound skeletons
  A worker ant zombie (D:5)
  22 adders
  30 gnolls
  4 shadow imps
  4 oozes
  5 adder skeletons
  5 worms
  2 dart slugs
  6 leopard geckos
  32 orcs
  4 ball pythons
  8 giant cockroaches
  37 goblins
  33 hobgoblins
  2 jackals (D:2)
  7 quokkas
  7 bats
  7 frilled lizards
  14 kobolds
  A leopard gecko skeleton (D:7)
  A leopard gecko zombie (D:5)
  6 rats
465 creatures vanquished.

Vanquished Creatures (others)
  An unseen horror (D:14)
1 creature vanquished.

Grand Total: 466 creatures vanquished

Notes
Turn   | Place    | Note
-------+----------+-------------------------------------------
     0 | D:1      | DenSaoPin the Minotaur Fighter began the quest for the Orb.
     0 | D:1      | Reached XP level 1. HP: 19/19 MP: 0/0
   236 | D:1      | Reached XP level 2. HP: 27/27 MP: 1/1
   807 | D:2      | Reached XP level 3. HP: 33/33 MP: 2/2
  1000 | D:2      | Reached XP level 4. HP: 14/40 MP: 3/3
  2137 | D:2      | Reached XP level 5. HP: 23/47 MP: 4/4
  2916 | D:3      | Reached skill level 5 in Armour
  2975 | D:3      | Reached skill level 5 in Fighting
  3226 | D:3      | Reached XP level 6. HP: 56/56 MP: 5/5
  3423 | D:3      | Reached skill level 5 in Axes
  3433 | D:3      | Reached XP level 7. HP: 58/63 MP: 6/6
  4847 | D:4      | Noticed Dowan
  4847 | D:4      | Noticed Duvessa
  4960 | D:4      | Killed Dowan
  5152 | D:4      | Killed Duvessa
  5152 | D:4      | Reached XP level 8. HP: 20/73 MP: 7/7
  5774 | D:5      | Entered Level 5 of the Dungeon
  6198 | D:5      | Found a glowing drain.
  6216 | Sewer    | Entered a sewer
  7079 | D:6      | Reached XP level 9. HP: 77/82 MP: 8/8
  7255 | D:6      | Found Wasasose's Antique Weapon Shoppe.
  8240 | D:7      | Noticed Joseph
  8256 | D:7      | Killed Joseph
  8343 | D:7      | Found a staircase to the Ecumenical Temple.
  8349 | Temple   | Entered the Ecumenical Temple
  8449 | Temple   | Became a worshipper of Warmaster Okawaru
  9624 | D:8      | Reached skill level 10 in Fighting
  9704 | D:8      | Reached skill level 10 in Armour
  9786 | D:8      | Reached skill level 1 in Bows
  9832 | D:8      | Noticed Maurice
  9849 | D:8      | Paralysed by something for 4 turns
  9858 | D:8      | Paralysed by something for 7 turns
  9872 | D:8      | Paralysed by something for 5 turns
  9886 | D:8      | Paralysed by something for 2 turns
  9912 | D:8      | Killed Maurice
  9912 | D:8      | Reached * piety under Okawaru
 10096 | D:8      | Reached skill level 10 in Axes
 10163 | D:8      | Found a radiant altar of Vehumet.
 10165 | D:8      | Found a snail-covered altar of Cheibriados.
 10165 | D:8      | Found an ancient bone altar of Kikubaaqudgha.
 10165 | D:8      | Found a basalt altar of Yredelemnul.
 10167 | D:8      | Found a bloodstained altar of Trog.
 10710 | D:8      | Reached XP level 10. HP: 64/93 MP: 7/9
 11002 | D:9      | Found a runed translucent door.
 11002 | D:9      | Noticed Amplified's ghost (novice DrFE)
 11948 | D:10     | Entered Level 10 of the Dungeon
 11996 | D:10     | Reached ** piety under Okawaru
 12050 | D:10     | Noticed a two-headed ogre
 12060 | D:10     | Killed a two-headed ogre
 12467 | D:10     | Reached *** piety under Okawaru
 13865 | D:11     | Reached skill level 5 in Bows
 13905 | D:11     | Noticed an oklob plant
 13905 | D:11     | Noticed an oklob plant
 13934 | D:11     | Found a staircase to the Lair.
 13944 | D:11     | Killed an oklob plant
 13944 | D:11     | Reached skill level 1 in Invocations
 14164 | D:11     | Killed an oklob plant
 14385 | D:11     | Noticed a cyclops
 14400 | D:11     | Killed a cyclops
 14400 | D:11     | Reached **** piety under Okawaru
 14605 | D:11     | Reached XP level 11. HP: 88/99 MP: 10/12
 15170 | D:11     | Found Zuoth's Distillery.
 15170 | D:11     | Noticed a purple ugly thing
 15183 | D:11     | Killed a purple ugly thing
 15283 | D:11     | Bought a potion of heal wounds for 55 gold pieces
 15283 | D:11     | Bought a potion of haste for 110 gold pieces
 15283 | D:11     | Bought a potion of curing for 33 gold pieces
 16020 | D:12     | Noticed Erolcha
 16040 | D:12     | Killed Erolcha
 16040 | D:12     | Reached ***** piety under Okawaru
 16168 | D:12     | Noticed Nessos
 16190 | D:12     | Killed Nessos
 16190 | D:12     | Received a gift from Okawaru
 16438 | D:13     | Noticed a centaur warrior
 16443 | D:13     | Killed a centaur warrior
 16742 | D:13     | Received a gift from Okawaru
 16879 | D:13     | Noticed a centaur warrior
 16884 | D:13     | Killed a centaur warrior
 16884 | D:13     | Received a gift from Okawaru
 17236 | D:13     | Noticed a deep elf mage
 17239 | D:13     | Killed a deep elf mage
 17395 | D:13     | Noticed a white ugly thing
 17413 | D:13     | Killed a white ugly thing
 17413 | D:13     | Received a gift from Okawaru
 17429 | D:13     | Got a pitted hat {god gift}
 17435 | D:13     | Identified the +0 hat of Nyqamium {rElec rF+ Int-3}
                  | (Okawaru gifted it to you on level 13 of the Dungeon)
 17794 | D:13     | Killed an unseen horror
 18114 | D:14     | Noticed a rakshasa
 18115 | D:14     | Noticed a skeletal warrior
 18116 | D:14     | Noticed a skeletal warrior
 18117 | D:14     | Noticed a skeletal warrior
 18125 | D:14     | Noticed a skeletal warrior
 18849 | D:12     | Noticed a five-headed hydra
 18861 | D:12     | Reached skill level 5 in Shields
 18869 | D:12     | Killed a one-headed hydra
 18869 | D:12     | Reached XP level 12. HP: 49/106 MP: 4/14
 19795 | D:12     | Identified the cursed +0 arbalest of Forgiveness {elec, rN+
                  | Str+3 Dex+2}
 19797 | D:12     | Noticed Snorg
 19839 | D:12     | Killed Snorg
 19994 | D:12     | Found a staircase to the Orcish Mines.
 20000 | D:12     | Found Dygup's Weapon Shop.
 20180 | D:12     | Noticed a two-headed ogre
 20187 | D:12     | Killed a two-headed ogre
 20672 | D:12     | Received a gift from Okawaru
 21465 | D:13     | Received a gift from Okawaru
 22070 | D:14     | Killed a rakshasa
 22162 | D:14     | Noticed a five-headed hydra
 22176 | D:14     | Killed a two-headed hydra
 22684 | D:14     | Noticed a centaur warrior
 22685 | D:14     | Noticed a centaur warrior
 22689 | D:14     | Reached XP level 13. HP: 93/113 MP: 12/15
 22693 | D:14     | Received a gift from Okawaru
 22726 | D:14     | HP: 4/113 [centaur/arrow (8)]
 23119 | D:14     | Reached skill level 15 in Armour
 23127 | D:14     | Received a gift from Okawaru
 23218 | D:14     | Reached skill level 10 in Shields
 23245 | D:14     | Reached skill level 15 in Axes
 23323 | D:14     | Received a gift from Okawaru
 23323 | D:14     | Reached ****** piety under Okawaru
 23827 | D:14     | Identified Roxanne's Disquisition on Stones
 23827 | D:14     | Noticed Roxanne
 24712 | D:14     | Found a gate to the Vaults.
 24969 | D:15     | Entered Level 15 of the Dungeon
 25383 | D:15     | Found Tirow's Antique Weapon Boutique.
 25416 | D:15     | Killed from afar by a meliai

Skill      XL: |  1  2  3  4  5  6  7  8  9 10 11 12 13 |
---------------+----------------------------------------+-----
Shields        | 4 5 9 10 | 10.8
Armour         | 4 5 6 7 8 10 11 13 14 15 | 15.5
Fighting       | 4 5 6 7 8 10 | 10.0
Axes           | 3 4 5 6 8 10 11 12 14 15 | 15.4
Bows           | 2 5 8 |  8.3
Invocations    | 2 4 |  4.2

Action                   |  1- 3 |  4- 6 |  7- 9 | 10-12 | 13-15 || total
-------------------------+-------+-------+-------+-------+-------++-------
Melee: War axe           |    89 |   211 |   513 |   672 |    99 ||  1584
       Headbutt          |     7 |    35 |   104 |   178 |    36 ||   360
       Unarmed           |       |       |     1 |       |       ||     1
       Battleaxe         |       |       |       |    57 |    50 ||   107
 Fire: Longbow           |       |       |       |    39 |    39 ||    78
Invok: Finesse           |       |       |       |     1 |       ||     1
  Use: Scroll            |       |       |     8 |    21 |     1 ||    30
       Potion            |       |       |       |     3 |     3 ||     6
  Eat: Chunk             |       |     8 |    21 |    19 |     6 ||    54
       Ration            |       |       |     1 |     7 |     1 ||     9
Armor: Scale mail        |    58 |    97 |       |       |       ||   155
       Plate armour      |       |    20 |   290 |   456 |   134 ||   900
Dodge: Dodged            |    39 |    60 |    73 |   156 |    72 ||   400
Block: Shield            |    56 |   131 |   241 |   352 |    43 ||   823
